 Dungeon Crawl Stone Soup version 0.29.1-1-gd02db6906a (webtiles) character file.

Game seed: 1153944533366235298

486 warriortoast the Conjurer (level 6, -3/32 HPs)
             Began as a Deep Elf Conjurer on Sept 22, 2022.
             Succumbed to a scorpion's poison
             ... on level 4 of the Dungeon.
             The game lasted 00:07:52 (5013 turns).

warriortoast the Conjurer (Deep Elf Conjurer)       Turns: 5013, Time: 00:07:59

Health: -3/32      AC:  3    Str:  4    XL:     6   Next: 89%
Magic:  17/17      EV: 12    Int: 25    God:
Gold:   320        SH:  0    Dex: 13    Spells: 10/18 levels left

rFire   . . .      SeeInvis .   c - +1 dagger (venom)
rCold   . . .      Faith    .   (no shield)
rNeg    . . .      Spirit   .   a - +0 robe
rPois   .          Reflect  .   w - +0 helmet
rElec   .          Harm     .   (no cloak)
rCorr   .          Rampage  .   (no gloves)
Will    .....                   (no boots)
Stlth   ++........              (no amulet)
HPRegen 0.10/turn               (no ring)
MPRegen 0.15/turn               (no ring)

@: lethally poisoned (-3 -> -27)
A: no striking features
a: no special abilities


You were on level 4 of the Dungeon.
You visited 1 branch of the dungeon, and saw 5 of its levels.

You collected 320 gold pieces.

Inventory:

Hand Weapons
 c - a +1 dagger of venom (weapon)
Armour
 a - a +0 robe (worn)
 w - a +0 helmet (worn)
Jewellery
 n - a ring of willpower
Wands
 j - a wand of polymorph (9)
Scrolls
 d - 4 scrolls of identify {unknown}
 e - 2 scrolls of vulnerability {unknown}
 f - a scroll of torment {unknown}
 g - a scroll of silence {unknown}
 h - a scroll of amnesia {unknown}
 l - 2 scrolls of fog {unknown}
 m - a scroll of enchant weapon {unknown}
 p - a scroll of noise {unknown}
 t - a scroll of brand weapon {unknown}
 x - a scroll of immolation {unknown}
 y - a scroll of teleportation {unknown}
Potions
 b - 2 potions of magic
 i - a potion of degeneration {unknown}
 k - a potion of ambrosia {unknown}
 o - a potion of attraction {unknown}
 q - 2 potions of curing {unknown}
 r - a potion of heal wounds {unknown}
 s - 2 potions of might {unknown}
 u - a potion of brilliance {unknown}
 v - a potion of mutation {unknown}


   Skills:
 - Level 2.4 Dodging
 - Level 2.4 Stealth
 + Level 6.7 Spellcasting
 + Level 6.7 Conjurations
 + Level 3.6 Hexes


You had 10 spell levels left.
You knew the following spells:

 Your Spells              Type           Power      Damage    Failure   Level
a - Magic Dart            Conj           100%       1d8       1%          1
b - Dazzling Flash        Conj/Hex       68%        N/A       2%          3
c - Fulminant Prism       Conj/Hex       17%        3d11      9%          4

Your spell library contained the following spells:

 Spells                   Type           Power      Damage    Failure   Level
 Foxfire                  Conj/Fire      100%       2x1d9     1%          1
 Searing Ray              Conj           84%        2d7       1%          2
 Conjure Flame            Conj/Fire      25%        6-21      5%          3
 Inner Flame              Hex/Fire       17%        N/A       10%         3
 Flame Wave               Conj/Fire      25%        2d8       17%         4
 Iskenderun's Mystic Bla  Conj/Tloc      25%        2d7       17%         4
 Animate Dead             Necr           8%         N/A       56%         4
 Haunt                    Necr/Summ      4%         N/A       100%        7
 Infestation              Necr           4%         N/A       100%        8


Dungeon Overview and Level Annotations

Branches:
Dungeon (5/15)
 Temple: D:4-7

Altars:
Yredelemnul

Shops:
D:3 (

Portals:
Sewer: D:5

Annotations:
D:3 1 runed translucent door, Crazy Yiuf


Message History

The orc priest is moderately wounded.
The adder hisses angrily. x2
The magic dart hits the orc priest!
The orc priest is almost dead.
The iguana hisses angrily.
The orc priest hits you with a +0 whip. The orc hits you with a +0 dagger.
You climb upwards.
There is a stone staircase leading down here.
The magic dart hits the orc priest!
You kill the orc priest!
The orc hits you with a +0 dagger.
The magic dart hits the orc!
The orc is almost dead.
The orc hits you but does no damage.
The magic dart hits the orc.
You kill the orc!
You can't see any susceptible monsters within range! (Use Z to cast anyway.)
You start resting.
Magic restored.
You start resting.
HP restored.
You climb downwards.
You hear the sound of rushing water.
There is an entrance to a sewer on this level.
Hurry and find it before the portal rusts away!
You hear the slow rusting of a drain.
The iguana bites you but does no damage.
The scorpion stings you.
You are poisoned.
The scorpion poisons you!
The giant cockroach waves its antennae.
The iguana bites you!
There is a stone staircase leading up, spattered with blood here.
You feel very sick. The scorpion stings you.
You are more poisoned.
The scorpion poisons you! The scorpion stings you!
* * * LOW HITPOINT WARNING * * *
The iguana closely misses you.
You climb upwards.
You die...

......#................#
......#................#
..#####................#
..#....######..........#
+##....#....#..........#
..#....#....#....)######
..'....#....'.....#
..#....#....#.....#
#.#....#.##.#..l@s######
################)......#
#.......# #.......#
#######.......#
#.............#
#......##'#####
#......#.....#
#......#.....#


You could see a scorpion and an iguana.

Vanquished Creatures
  An ogre (D:4)
  A necrophage (D:4)
  A scorpion (D:4)
  2 orc priests (D:4)
  A hound (D:4)
  A jelly (D:4)
  5 adders
  2 ufetubi (D:4)
  2 worms (D:2)
  2 dart slugs (D:2)
  15 orcs
  8 ball pythons
  7 bats
  6 endoplasms
  3 giant cockroaches
  5 goblins
  6 hobgoblins
  2 jackals (D:1)
  A quokka (D:1)
  6 frilled lizards
  5 kobolds
  8 rats
90 creatures vanquished.

Notes
Turn   | Place    | Note
-------+----------+-------------------------------------------
     0 | D:1      | warriortoast the Deep Elf Conjurer began the quest for the
                  | Orb.
     0 | D:1      | Reached XP level 1. HP: 10/10 MP: 6/6
   248 | D:1      | Reached XP level 2. HP: 15/15 MP: 4/8
  1190 | D:2      | Reached skill level 5 in Conjurations
  1190 | D:2      | Reached XP level 3. HP: 16/19 MP: 5/10
  1808 | D:2      | Reached XP level 4. HP: 24/24 MP: 10/12
  2028 | D:2      | Found a faded altar of an unknown god.
  2028 | D:2      | Noticed a rust devil
  2245 | D:3      | Found a basalt altar of Yredelemnul.
  2321 | D:3      | Found Upanaxti's Antique Weapon Shoppe.
  2485 | D:3      | Reached skill level 5 in Spellcasting
  2786 | D:3      | Found a runed translucent door.
  2787 | D:3      | Noticed Crazy Yiuf
  3090 | D:4      | Reached XP level 5. HP: 28/28 MP: 6/14
  3097 | D:4      | Learned a level 3 spell: Dazzling Flash
  3102 | D:4      | Learned a level 4 spell: Fulminant Prism
  3209 | D:4      | Noticed an ogre
  3215 | D:4      | Killed an ogre
  3275 | D:4      | Reached XP level 6. HP: 30/32 MP: 7/17
  4800 | D:5      | Entered Level 5 of the Dungeon
  4800 | D:5      | Noticed an ice beast
  4853 | D:5      | Found a glowing drain.
  5013 | D:4      | Succumbed to a scorpion's poison

Illustrated notes

Levels and vault maps discovered:
D:1:      shiori_arrival_oz, layout_basic
D:2:      layout_basic, dreamdust_ecumenical_altar_sealed_demon,
          minmay_pentomino_p2
D:3:      minmay_angry_zag, layout_basic, yredelemnul_altar_generic,
          serial_shops, shop, uniq_crazy_yiuf_cottage
D:4:      cheibrodos_old_hovel, layout_gridville
D:5:      layout_rooms, gup_sewer_entry_glass, serial_glass, glass_columns_b,
          glass_columns_b, uniq_eustachio

Skill      XL: |  1  2  3  4  5  6 |
---------------+-------------------+-----
Spellcasting   | 4 5 6 |  6.7
Conjurations   | 5 6 |  6.7
Hexes          | 2 3 |  3.6
Dodging        | |  2.4
Stealth        | |  2.4

Action                   |  1- 3 |  4- 6 || total
-------------------------+-------+-------++-------
 Cast: Magic Dart        |    84 |   123 ||   207
Armor: Robe              |       |     4 ||     4
Dodge: Dodged            |     4 |     9 ||    13
